 Dungeon Crawl Stone Soup version 0.17-a0-2109-g117576f (webtiles) character file.

51422 brucemayne the Executioner (level 14, -3/181 HPs)
             Began as a Hill Orc Berserker on Oct 19, 2015.
             Was a High Priest of Trog.
             Slain by a 16-headed hydra (5 damage)
             ... on level 6 of the Lair of Beasts.
             The game lasted 00:49:03 (7706 turns).

brucemayne the Executioner (Hill Orc Berserker)     Turns: 7706, Time: 00:49:04

Health: -3/181     AC: 34    Str: 27    XL:     14   Next: 59%
Magic:  5/5        EV:  7    Int: 10    God:    Trog [*****.]
Gold:   669        SH:  0    Dex: 10    Spells: 0 memorised, 13 levels left

rFire  . . .     SeeInvis .     G - +1 executioner's axe (antimagic)
rCold  . . .     Clarity  .     q - +2 crystal plate armour
rNeg   + . .     SustAt   .     (no shield)
rPois  .         Gourm    .     S - +1 helmet
rElec  .         Spirit   .     (no cloak)
rCorr  .         Warding  .     s - +0 pair of gloves
rMut   .         Stasis   .     I - +0 pair of boots "Wuaropip" {rN+}
MR     +....                    (no amulet)
Stlth  ..........               E - +5 ring of slaying
                                h - +5 ring of protection

@: berserking, lethally poisoned (-3 -> -3), very quick, somewhat resistant to
hostile enchantments, extremely unstealthy
A: no striking features
a: Berserk, Trog's Hand, Brothers in Arms, Burn Spellbooks, Renounce Religion


You were on level 6 of the Lair of Beasts.
You worshipped Trog.
Trog was extremely pleased with you.
You were hungry.

You visited 4 branches of the dungeon, and saw 26 of its levels.
You also visited: Labyrinth, Ossuary and Bailey.

You collected 1780 gold pieces.
You spent 1111 gold pieces at shops.

Inventory:

Hand Weapons
 n - a +0 battleaxe
 G - a +1 antimagic executioner's axe (weapon)
Missiles
 w - 6 javelins of returning (quivered)
 F - 7 curare-tipped needles
 K - a throwing net
Armour
 q - a +2 crystal plate armour (worn)
 s - a +0 pair of gloves (worn)
 I - the +0 pair of boots "Wuaropip" (worn) {rN+}
   (You found it on level 5 of the Lair of Beasts)

   It protects you from negative energy.
 S - a +1 helmet (worn)
Rods
 Q - a +4 rod of the swarm (14/14)
   (You took it off a minotaur in a labyrinth)
 W - a +7 rod of clouds (10/10)
   (You found it in a labyrinth)
Jewellery
 b - an uncursed ring of flight {unknown}
 f - an uncursed ring of see invisible
 h - a +5 ring of protection (left hand)
 m - an uncursed ring of protection from magic
 v - an uncursed amulet of resist mutation
 E - a +5 ring of slaying (right hand)
 H - an uncursed amulet of clarity
 J - an uncursed ring of teleportation
 U - the ring of Liberty {rC+ rN+ MP+9 Int-4 Dex+7}
   (You took it off a minotaur in a labyrinth)

   [ring of intelligence]

   It affects your intelligence (-4).
   It affects your dexterity (+7).
   It protects you from cold.
   It protects you from negative energy.
   It affects your magic capacity (+9).
Wands
 a - a wand of digging (16)
 L - a wand of paralysis (6)
 O - a wand of fireball (13)
 R - a wand of hasting (7)
Scrolls
 i - 3 scrolls of teleportation
 o - a scroll of blinking
 p - 5 scrolls of remove curse
 y - a scroll of summoning
 P - 4 scrolls of recharging
 V - a scroll of magic mapping
 X - a scroll of fog
Potions
 d - a potion of cure mutation
 e - a potion of brilliance
 k - a potion of mutation {unknown}
 l - a potion of resistance
 r - 3 potions of haste {unknown}
 t - 2 potions of berserk rage {unknown}
 u - a potion of cancellation
 x - a potion of magic {unknown}
 z - 4 potions of lignification
 A - a potion of degeneration {unknown}
 B - 2 potions of curing
 C - 2 potions of might {unknown}
 D - 2 potions of poison {unknown}
 Y - a potion of flight {unknown}
Miscellaneous
 N - a box of beasts
Comestibles
 c - 2 bread rations
 g - 2 meat rations
 j - 3 fruits
 M - a royal jelly
 T - a beef jerky
 Z - 4 chunks of flesh


   Skills:
 - Level 10.0 Fighting
 - Level 23.4 Axes
 - Level 12.0 Armour
 - Level 4.0 Dodging
 + Level 4.4 Evocations


You had 13 spell levels left.
You didn't know any spells.

Dungeon Overview and Level Annotations

Branches:
Dungeon (13/15)              Lair (8/8) D:9           Snake (0/4) Lair:6
  Slime (0/6) Lair:8          Orc (4/4) D:12            Elf (1/3) Orc:4
 Temple: D:4-7        Swamp: Lair:3-6    Shoals: Lair:3-6    Vaults: D:13-14

Altars:
Cheibriados
Dithmenos
Elyvilon
Makhleb
Jiyva

Shops:
D:10 ?   Orc:4 (?**

Portals:
Hell: Lair:8

Annotations:
D:6 Dowan
D:9 Erica


Message History

The 15-headed hydra bites you.
* * * LOW HITPOINT WARNING * * *
The 15-headed hydra bites you but does no damage. x5
The 15-headed hydra bites you.
* * * LOW HITPOINT WARNING * * *
The 15-headed hydra barely misses you. x2
The 15-headed hydra bites you but does no damage.
You lop one of the 15-headed hydra's heads off!
The 14-headed hydra grows two more!
You slice the 16-headed hydra!!
The 16-headed hydra is severely wounded.
You feel sick. The 16-headed hydra bites you!
* * * LOW HITPOINT WARNING * * *
The 16-headed hydra bites you.
* * * LOW HITPOINT WARNING * * *
The 16-headed hydra bites you but does no damage.
The 16-headed hydra bites you!
* * * LOW HITPOINT WARNING * * *
The 16-headed hydra bites you but does no damage.
The 16-headed hydra bites you.
You die...

.... #....## ....#####... #+
#....###......#......#.P##..
#....##.....................
..................... .
.................†[. ...
...................
...t##..P...............
#..%.................
#...@#.<...PP##......
#..†#D.>.............
#...........#....#.#.
#..........#.....##..
#P................# #.
##...##.....###.##.# .
#...#......# #.# #..
P.##.........#... ...
.................. ..


You could see a 16-headed hydra and a crocodile.

Vanquished Creatures
  Gastronok (Orc:1)
  2 dire elephants (Lair:8)
  A minotaur (Lab)
  An ettin (Orc:4)
  Josephine (Orc:4)
  2 hydras
  3 orc high priests (Orc:4)
  The ghost of brucemayne the Severer, a novice HOBe of Trog (Orc:2)
  4 death yaks (Lair:8)
  A wizard (Lair:8)
  2 griffons (Lair:8)
  4 orc knights (Orc:4)
  3 orc sorcerers
  2 hill giants (D:11)
  A sixfirhy (Lair:8)
  3 elephants (Lair:5)
  An ugly thing (D:11)
  A centaur zombie (D:11)
  6 black mambas
  The ghost of axujen the Skirmisher, a novice CeWr of Cheibriados (D:7)
  A smoke demon (Lair:8)
  4 orange demons (Lair:8)
  13 spiny frogs
  A torpor snail (Lair:8)
  A red devil (Lair:8)
  A komodo dragon (Lair:5)
  5 trolls
  2 blue devils (Lair:8)
  15 blink frogs
  5 wraiths
  A deep elf fighter (Elf:1)
  2 deep elf magi
  A hungry ghost (D:11)
  4 vampire mosquitoes (D:12)
  A steam dragon (Lair:6)
  46 yaks
  2 basilisks
  6 hippogriffs
  2 wargs
  5 porcupines
  5 water moccasins
  4 wolves (Lair:8)
  Duvessa (D:6)
  3 sky beasts
  A phantom (D:9)
  22 orc warriors
  An ogre (Orc:3)
  10 crocodiles
  3 centaurs
  4 giant frogs
  5 scorpions
  5 killer bees (D:10)
  12 wights
  A crimson imp (D:11)
  2 giant frog zombies
  23 orc wizards
  11 orc priests
  3 hounds
  A jelly (D:7)
  A giant frog skeleton (D:10)
  3 iguanas
  5 worker ants
  6 sheep (Lair:8)
  A hound zombie (D:9)
  8 mummies (Ossuary)
  32 river rats
  2 shadow imps
  3 adders
  An ooze (D:5)
  A worm (D:2)
  An adder zombie (D:9)
  5 giant geckos
  121 orcs
  A giant cockroach (D:1)
  A gnoll zombie (Ossuary)
  3 hobgoblins
  4 jackals (D:2)
  2 quokkas
  6 bats
  A giant cockroach zombie (D:6)
  2 giant gecko zombies
  A goblin (D:3)
  3 hobgoblin zombies (Ossuary)
  A jackal zombie (D:7)
  5 kobolds
  A kobold zombie (Ossuary)
  3 orc zombies (Ossuary)
  A quokka zombie (D:7)
  6 rats
  11 fungi
  4 plants
522 creatures vanquished.

Vanquished Creatures (collateral kills)
  2 hydras
  A sun demon (Lair:8)
  An orc sorcerer (Orc:4)
  2 orange demons (Lair:8)
  A wraith (Orc:4)
  An orc warrior (Orc:4)
  2 orcs (Orc:3)
10 creatures vanquished.

Vanquished Creatures (others)
  An orc wizard (Orc:4)
  5 fungi (Lair:8)
  4 plants (Lair:8)
10 creatures vanquished.

Grand Total: 542 creatures vanquished

Notes
Turn   | Place    | Note
--------------------------------------------------------------
     0 | D:1      | brucemayne the Hill Orc Berserker began the quest for the Orb.
     0 | D:1      | Reached XP level 1. HP: 19/19 MP: 1/1
   143 | D:2      | Reached XP level 2. HP: 26/26 MP: 2/2
   197 | D:2      | Reached skill level 5 in Axes
   303 | D:3      | Reached XP level 3. HP: 13/31 MP: 3/3
   361 | D:4      | Reached ** piety under Trog
   492 | D:4      | Reached skill level 6 in Axes
   492 | D:4      | Reached XP level 4. HP: 25/39 MP: 4/4
   661 | D:5      | Entered Level 5 of the Dungeon
   673 | D:5      | Reached skill level 7 in Axes
   731 | D:5      | Found a sand-covered staircase.
   736 | Ossuary  | Entered an ossuary
   788 | Ossuary  | Reached XP level 5. HP: 45/45 MP: 5/5
   840 | Ossuary  | Reached skill level 8 in Axes
  1069 | D:6      | Reached XP level 6. HP: 51/51 MP: 6/6
  1098 | D:6      | Noticed Duvessa
  1123 | D:6      | Killed Duvessa
  1123 | D:6      | Reached skill level 9 in Axes
  1139 | D:6      | Noticed Dowan
  1168 | D:6      | Noticed a centaur
  1184 | D:6      | Killed a centaur
  1223 | D:6      | Noticed a sky beast
  1243 | D:6      | Killed a sky beast
  1243 | D:6      | Reached skill level 10 in Axes
  1243 | D:6      | Reached XP level 7. HP: 32/57 MP: 7/7
  1376 | D:6      | Reached skill level 11 in Axes
  1439 | D:7      | Found a snail-covered altar of Cheibriados.
  1458 | D:7      | Found a white marble altar of Elyvilon.
  1460 | D:7      | Found a shadowy altar of Dithmenos.
  1460 | D:7      | Noticed axujen's ghost (novice CeWr)
  1553 | D:7      | Reached skill level 12 in Axes
  1553 | D:7      | Reached XP level 8. HP: 64/64 MP: 8/8
  1554 | D:7      | Killed axujen's ghost
  1635 | D:7      | Reached skill level 13 in Axes
  1653 | D:7      | Found a flagged portal.
  1779 | Bailey   | Entered a bailey
  1867 | Bailey   | Reached skill level 14 in Axes
  1867 | Bailey   | Reached XP level 9. HP: 70/70 MP: 9/9
  1973 | Bailey   | Noticed an orc knight
  2182 | D:8      | Reached skill level 5 in Fighting
  2428 | D:9      | Reached skill level 5 in Armour
  2535 | D:9      | Reached *** piety under Trog
  2537 | D:9      | Reached XP level 10. HP: 56/86 MP: 10/10
  2644 | D:10     | Entered Level 10 of the Dungeon
  2748 | D:11     | Found a labyrinth entrance.
  2786 | Lab      | Entered a labyrinth
  3382 | Lab      | Noticed a minotaur
  3393 | Lab      | Killed a minotaur
  3393 | Lab      | Reached skill level 15 in Axes
  3395 | Lab      | Got a heavily runed platinum ring
  3404 | Lab      | Identified the cursed ring of Liberty {rC+ rN+ MP+9 Int-4 Dex+7} (You took it off a minotaur in a labyrinth)
  3407 | Lab      | Identified a +4 rod of the swarm (5/14) (You took it off a minotaur in a labyrinth)
  3408 | Lab      | Identified a +7 rod of clouds (10/10) (You found it in a labyrinth)
  3409 | Lab      | Identified a +8 rod of ignition (9/9) (You found it in a labyrinth)
  3433 | Lab      | Identified a cursed +0 rod of shadows (9/9) (You found it in a labyrinth)
  3598 | D:10     | Found Aqoiphoi's Magic Scroll Boutique.
  3756 | D:11     | Noticed a hill giant
  3777 | D:11     | Reached XP level 11. HP: 89/97 MP: 11/11
  3785 | D:11     | Killed a hill giant
  3785 | D:11     | Reached skill level 16 in Axes
  3794 | D:11     | Noticed a white ugly thing
  3806 | D:11     | Killed a white ugly thing
  3890 | D:12     | Found a staircase to the Orcish Mines.
  3957 | D:12     | Identified a scroll of acquirement
  4000 | Orc:1    | Entered Level 1 of the Orcish Mines
  4000 | Orc:1    | Noticed Gastronok
  4019 | Orc:1    | Killed Gastronok
  4019 | Orc:1    | Reached skill level 17 in Axes
  4108 | Orc:2    | Noticed brucemayne's ghost (novice HOBe)
  4118 | Orc:1    | Reached **** piety under Trog
  4186 | Orc:2    | Killed brucemayne's ghost
  4186 | Orc:2    | Reached skill level 18 in Axes
  4497 | Orc:4    | Entered Level 4 of the Orcish Mines
  4523 | Orc:4    | Found a staircase to the Elven Halls.
  4626 | Orc:3    | Noticed a sun demon
  4641 | Orc:3    | Reached ***** piety under Trog
  4786 | Orc:4    | Noticed an ettin
  4796 | Orc:4    | Reached skill level 19 in Axes
  4796 | Orc:4    | Reached XP level 12. HP: 104/104 MP: 12/12
  4799 | Orc:4    | Killed an ettin
  4921 | Orc:4    | Noticed an orc knight
  4942 | Orc:4    | Killed an orc knight
  5020 | Orc:4    | Noticed an orc knight
  5041 | Orc:4    | Killed an orc knight
  5065 | Orc:4    | Noticed an orc high priest
  5071 | Orc:4    | Killed an orc high priest
  5071 | Orc:4    | Reached skill level 20 in Axes
  5073 | Orc:4    | Noticed an orc high priest
  5074 | Orc:4    | Noticed an orc knight
  5110 | Orc:4    | Killed an orc high priest
  5119 | Orc:4    | Killed an orc knight
  5132 | Orc:4    | Received a gift from Trog
  5144 | Orc:4    | Noticed an orc high priest
  5147 | Orc:4    | Noticed Josephine
  5207 | Orc:4    | Killed Josephine
  5277 | Orc:4    | Killed an orc high priest
  5277 | Orc:4    | Reached skill level 21 in Axes
  5285 | Orc:4    | Noticed an orc knight
  5307 | Orc:4    | Killed an orc knight
  5328 | Orc:4    | Found Fyxka's General Store.
  5328 | Orc:4    | Found Astra's Assorted Antiques.
  5330 | Orc:4    | Found Gemuzuub's Magic Scroll Shop.
  5330 | Orc:4    | Found Fenwonk's Antique Weapon Emporium.
  5341 | Orc:4    | Bought a potion of heal wounds for 120 gold pieces
  5341 | Orc:4    | Bought a scroll of identify for 48 gold pieces
  5344 | Orc:4    | Bought a scroll of fear for 45 gold pieces
  5344 | Orc:4    | Bought a scroll of fear for 45 gold pieces
  5344 | Orc:4    | Bought 2 scrolls of teleportation for 78 gold pieces
  5344 | Orc:4    | Bought a scroll of recharging for 123 gold pieces
  5344 | Orc:4    | Bought a scroll of identify for 26 gold pieces
  5344 | Orc:4    | Bought a scroll of remove curse for 39 gold pieces
  5344 | Orc:4    | Bought a scroll of recharging for 123 gold pieces
  5346 | Orc:4    | Bought a +2 quarterstaff of protection for 302 gold pieces
  5346 | Orc:4    | Bought a scroll of identify for 36 gold pieces
  5346 | Orc:4    | Bought a potion of heal wounds for 90 gold pieces
  5346 | Orc:4    | Bought a scroll of fog for 36 gold pieces
  5395 | Elf:1    | Entered Level 1 of the Elven Halls
  5528 | D:11     | Noticed a hill giant
  5537 | D:11     | Killed a hill giant
  5634 | D:9      | Noticed Erica
  5705 | D:9      | Found a staircase to the Lair.
  5767 | Lair:1   | Entered Level 1 of the Lair of Beasts
  5854 | Lair:3   | Reached XP level 13. HP: 92/111 MP: 13/13
  5939 | Lair:2   | Reached skill level 22 in Axes
  6358 | Lair:5   | Got a pair of dazzling boots
  6378 | Lair:5   | You fall through a shaft for 2 floors!
  6384 | Lair:7   | Identified the cursed +0 pair of boots "Wuaropip" {rN+} (You found it on level 5 of the Lair of Beasts)
  6547 | Lair:8   | Entered Level 8 of the Lair of Beasts
  6637 | Lair:8   | Reached skill level 10 in Fighting
  6652 | Lair:8   | Reached skill level 10 in Armour
  6722 | Lair:8   | Found a viscous altar of Jiyva.
  6743 | Lair:8   | Found a staircase to the Slime Pits.
  6867 | Lair:8   | Reached XP level 14. HP: 121/121 MP: 14/14
  6916 | Lair:8   | Reached ****** piety under Trog
  6964 | Lair:8   | Reached skill level 23 in Axes
  6969 | Lair:8   | Found a burning altar of Makhleb.
  6994 | Lair:8   | HP: 5/121 [sun demon (10)]
  6995 | Lair:8   | Noticed a dire elephant
  7026 | Lair:7   | Received a gift from Trog
  7125 | Lair:8   | Killed a dire elephant
  7221 | Lair:8   | Noticed a dire elephant
  7237 | Lair:8   | Killed a dire elephant
  7310 | Lair:8   | Found a gateway to Hell.
  7420 | Lair:8   | Reached skill level 1 in Evocations
  7682 | Lair:6   | Found a staircase to the Snake Pit.
  7706 | Lair:6   | HP: 2/181 [16-headed hydra (9)]
  7706 | Lair:6   | Slain by a 16-headed hydra

Vault maps used:
D:1:      lemuel_arrival_funnel, kennysheep_decorative_pillar, feat_on_display
D:3:      gammafunk_temple_overflow_statue, first_bread,
          kennysheep_generic_room_10
D:4:      uniq_natasha
D:5:      nicolae_ossuary_entry_false_entrances, lightli_church_of_beogh
D:6:      minmay_temple_entry_large_hall, uniq_duvessa
D:7:      nicolae_overflow_hidden_temple, enter_bailey_8, serial_bayou_pond_c,
          grunt_livestock, minmay_misc_feat_chi
D:8:      minmay_misc_feat_tiny, kennysheep_generic_room_3
D:9:      due_lair_maze_entry_diamond, uniq_erica
D:10:     serial_shops, nicolae_shop_waterfront
D:11:     lab_entry_generic, uniq_fannar
D:12:     orc_0_dummy, tgw_xom
D:13:     hangedman_cross_cluster, basic_altar, serial_shops,
          nicolae_shop_behind_doors
Lair:1:   minivault_24, serial_bayou_shore_b
Lair:2:   eino_small_chamber_without_monster, lemuel_fruit_tree
Lair:3:   st_stairs_8, wad_woods_06, grunt_megastairs_3
Lair:4:   minmay_lindwurm_lava, uniq_harold
Lair:5:   nicolae_swamp_entry_splash_gauntlet, lemuel_fruit_fields,
          grunt_megastairs_4, uniq_snorg
Lair:6:   dummy_snake_entry, bobbens_dragon_lair_wall
Lair:7:   minmay_hedge_maze
Lair:8:   evil_forest, slime_altar_1
Orc:1:    library_closet, uniq_gastronok
Orc:3:    nicolae_orc_pool_cavern, nicolae_orc_damp_corner,
          guppyfry_library_mini
Orc:4:    grunt_orc_tribal_feast, basic_altar, uniq_josephine, uniq_maud,
          uniq_maurice
Elf:1:    minmay_elf_annihilation, minivault_28
Lab:      labyrinth_spiral
Ossuary:  ossuary_tomb_3
Bailey:   bailey_polearm_2, bailey

Action                   |  1- 3 |  4- 6 |  7- 9 | 10-12 | 13-15 || total
-------------------------+-------+-------+-------+-------+-------++-------
Melee: Hand axe          |    66 |   103 |   141 |       |       ||   310
       War axe           |       |       |    55 |   255 |       ||   310
       Battleaxe         |       |       |       |   296 |   304 ||   600
       Executioner's axe |       |       |       |       |   141 ||   141
Invok: Berserk           |     1 |     6 |     8 |    12 |     8 ||    35
       Trog's Hand       |       |     2 |    10 |     9 |    11 ||    32
       Brothers in Arms  |       |       |       |     5 |     3 ||     8
       Burn Spellbooks   |       |       |       |       |     1 ||     1
Evoke: Wand              |       |     1 |     6 |       |     1 ||     8
  Use: Scroll            |       |     1 |     4 |    16 |     9 ||    30
       Potion            |       |       |     6 |       |     3 ||     9
 Stab: Paralysed         |       |       |       |       |     4 ||     4
       Distracted        |       |       |       |       |     1 ||     1
  Eat: Chunk             |       |     5 |     9 |    24 |    11 ||    49
       Fruit             |       |     4 |       |       |       ||     4
       Bread ration      |       |       |     1 |     1 |       ||     2
       Meat ration       |       |       |       |       |     1 ||     1
